[Event "Titled Tuesday Blitz July 25 Late 2023"]
[White "Ibarra Jerez, Jose Carlos"]
[Black "musclemonster12"]
[WhiteFideId "2226332"]
[WhiteElo "2904"]
[BlackElo "2624"]
[Result "1-0"]
[Round "5"]
[TimeControl "180+2"]
[Date "2023.07.25"]
[WhiteClock "0:02:38"]
[BlackClock "0:00:55"]
[Board "29"]

1. e4 c5 2. Nf3 d6 3. c3 Nf6 4. h3 g6 5. Bd3 Bg7 6. Bc2 e5 7. O-O O-O 8. d4 cxd4 9. cxd4 exd4 10. Nxd4 Re8 11. Nc3 Nc6 12. Ndb5 Bf8 13. Bg5 h6 14. Bxf6 Qxf6 15. Nc7 Be6 16. Nxa8 Rxa8 17. Bb3 Nd4 18. Bd5 Bxh3 19. e5 Qxe5 20. gxh3 1-0


[Site "https://www.chess.com"]

[Event "Titled Tuesday Blitz July 25 Late 2023"]
[White "Rodrigue-Lemieux, Shawn"]
[Black "Pinero Rodriguez, Carlos Jose"]
[WhiteFideId "2620049"]
[BlackFideId "3901726"]
[WhiteElo "2894"]
[BlackElo "2623"]
[Result "0-1"]
[Round "5"]
[TimeControl "180+2"]
[Date "2023.07.25"]
[WhiteClock "0:00:00"]
[BlackClock "0:00:02"]
[Board "30"]

1. h4 c5 2. a3 Nc6 3. b4 e6 4. Bb2 Nf6 5. bxc5 Bxc5 6. e3 d5 7. g4 h6 8. Bg2 Qb6 9. Ra2 d4 10. g5 hxg5 11. hxg5 Rxh1 12. Bxh1 Nd5 13. Nf3 Bd7 14. Ba1 dxe3 15. fxe3 O-O-O 16. Bxg7 Rg8 17. Bh6 Qc7 18. Kf2 Nce7 19. c4 Nf5 20. cxd5 Qg3+ 21. Ke2 Bb5+ 22. d3 Bxe3 23. Qe1 Qf4 24. Qc3+ Kd7 25. dxe6+ fxe6 26. Ne5+ Kd6 27. Nf7+ Kd7 28. Ne5+ Kd6 29. Nc4+ Kd7 30. Nxe3 Qxe3+ 31. Kd1 Nd4 32. Rf2 Ba4+ 0-1


[Site "https://www.chess.com"]

[Event "Titled Tuesday Blitz July 25 Late 2023"]
[White "Ponizil, Cyril"]
[Black "Lenderman, Aleksandr"]
[WhiteFideId "322202"]
[BlackFideId "2021285"]
[WhiteElo "2618"]
[BlackElo "2884"]
[Result "1/2-1/2"]
[Round "5"]
[TimeControl "180+2"]
[Date "2023.07.25"]
[WhiteClock "0:00:03"]
[BlackClock "0:01:02"]
[Board "31"]

1. e4 d6 2. d4 Nf6 3. Nc3 e5 4. Nf3 Nbd7 5. Bc4 Be7 6. O-O c6 7. Re1 Qc7 8. a4 Nf8 9. a5 Ng6 10. Be3 O-O 11. Qd2 Bg4 12. Be2 Rfe8 13. h3 Bxf3 14. Bxf3 exd4 15. Bxd4 Nd7 16. g3 Bf6 17. Bg2 Bxd4 18. Qxd4 Ndf8 19. a6 Ne6 20. Qd2 b5 21. Rad1 Rad8 22. h4 Ne5 23. b3 Qb6 24. Ra1 Nd4 25. Qd1 Ne6 26. Qd2 Nc7 27. Qe3 Rb8 28. f4 Ng4 29. Qxb6 Rxb6 30. Bf3 Nf6 31. Rad1 Rd8 32. e5 Nfe8 33. exd6 Rxd6 34. Rxd6 Nxd6 35. Re7 Nxa6 36. Ne4 Kf8 37. Rxa7 Nxe4 38. Bxe4 g6 39. h5 Nc5 40. Bf3 Ne6 41. h6 Nd4 42. Ra8+ Ke7 43. Be4 c5 44. Rh8 Re6 45. Bd3 Re1+ 46. Kf2 Rc1 47. Rxh7 Kf6 48. Rh8 c4 49. bxc4 bxc4 50. Be4 Nf5 51. Bxf5 gxf5 52. Rc8 Rxc2+ 53. Kf3 Kg6 54. Rc6+ f6 55. h7 Kxh7 56. Rxf6 c3 57. Rxf5 Rd2 58. Rc5 c2 59. g4 Kg7 60. g5 Kf7 61. Kg4 Rg2+ 62. Kf5 Ke7 63. Rc7+ Kd6 64. Rc3 Kd5 65. g6 Kd4 66. Rc8 Kd3 67. Kf6 Ke4 68. f5 Rf2 69. Re8+ Kd5 70. Rc8 Ke4 71. Rxc2 Rxc2 72. g7 Rg2 73. Kf7 Kxf5 74. g8=Q Rxg8 75. Kxg8 1/2-1/2


[Site "https://www.chess.com"]

[Event "Titled Tuesday Blitz July 25 Late 2023"]
[White "Salik, Serkan"]
[Black "Fressinet, Laurent"]
[WhiteFideId "30952492"]
[BlackFideId "608742"]
[WhiteElo "2612"]
[BlackElo "2882"]
[Result "0-1"]
[Round "5"]
[TimeControl "180+2"]
[Date "2023.07.25"]
[WhiteClock "0:00:02"]
[BlackClock "0:00:49"]
[Board "32"]

1. d4 Nf6 2. c4 e5 3. dxe5 Ne4 4. Nf3 Nc6 5. Nbd2 Nc5 6. e3 d6 7. Nb3 Nxb3 8. Qxb3 dxe5 9. Be2 e4 10. Nd2 Bb4 11. a3 Bxd2+ 12. Bxd2 Qg5 13. O-O-O O-O 14. Bc3 Qg6 15. g4 a5 16. h4 a4 17. Qb5 Ne7 18. h5 Qe6 19. g5 Qf5 20. c5 Qxf2 21. g6 c6 22. Qc4 Be6 23. Qd4 Nf5 24. Qxe4 Qxe2 25. gxf7+ Bxf7 26. Qxf5 Bb3 27. Qd3 Bxd1 28. Qd4 Qc2# 0-1


[Site "https://www.chess.com"]

[Event "Titled Tuesday Blitz July 25 Late 2023"]
[White "Piesik, Piotr"]
[Black "Erdogmus, Yagiz Kaan"]
[WhiteFideId "1136194"]
[BlackFideId "44599790"]
[WhiteElo "2604"]
[BlackElo "2853"]
[Result "0-1"]
[Round "5"]
[TimeControl "180+2"]
[Date "2023.07.25"]
[WhiteClock "0:02:03"]
[BlackClock "0:02:03"]
[Board "33"]

1. Nf3 c5 2. e4 d6 3. Bb5+ Nd7 4. c3 Nf6 5. Qe2 a6 6. Ba4 b5 7. Bc2 e6 8. O-O Be7 9. d4 O-O 10. e5 Nd5 11. Qe4 g6 12. Bh6 Re8 13. Nbd2 Bb7 14. Qg4 cxd4 15. cxd4 Rc8 16. Rac1 dxe5 17. dxe5 Nb4 18. Bb1 Rxc1 19. Rxc1 Qb8 20. Qg3 Rc8 21. Rxc8+ Qxc8 22. Ne4 Nxa2 23. h4 Bxe4 24. Bxe4 Nc1 25. Kh2 Ne2 26. Qg4 Qc7 27. Bf4 Nxf4 28. Qxf4 Nxe5 0-1


[Site "https://www.chess.com"]

[Event "Titled Tuesday Blitz July 25 Late 2023"]
[White "Sivakumar, Shaashwath"]
[Black "Bartel, Mateusz"]
[WhiteFideId "30912156"]
[BlackFideId "1112635"]
[WhiteElo "2601"]
[BlackElo "2842"]
[Result "1-0"]
[Round "5"]
[TimeControl "180+2"]
[Date "2023.07.25"]
[WhiteClock "0:00:31"]
[BlackClock "0:00:03"]
[Board "34"]

1. d4 g6 2. e4 Bg7 3. Nc3 a6 4. Be3 b5 5. g4 Bb7 6. Bg2 d6 7. h4 h5 8. gxh5 Rxh5 9. Bf3 Rh8 10. h5 gxh5 11. e5 Qc8 12. e6 fxe6 13. Rxh5 Nf6 14. Rxh8+ Bxh8 15. Qe2 b4 16. Na4 Nc6 17. O-O-O Na5 18. Nh3 Bxf3 19. Qxf3 Qb7 20. d5 Nxd5 21. Qh5+ Kd7 22. Ng5 Nxe3 23. Nc5+ Kc6 24. Nxb7 Bxb2+ 25. Kxb2 Nxd1+ 26. Qxd1 Kxb7 27. Nxe6 c6 28. Qg4 c5 29. Qe4+ Nc6 30. Nf4 Rd8 31. Nd5 Rd7 32. Qe6 Nb8 33. Nxe7 a5 34. f4 a4 35. f5 a3+ 36. Kb3 Nc6 37. Qxd7+ 1-0


[Site "https://www.chess.com"]

[Event "Titled Tuesday Blitz July 25 Late 2023"]
[White "Medina Paz, Miguel"]
[Black "Donchenko, Alexander"]
[WhiteFideId "7300379"]
[BlackFideId "24603295"]
[WhiteElo "2598"]
[BlackElo "2821"]
[Result "0-1"]
[Round "5"]
[TimeControl "180+2"]
[Date "2023.07.25"]
[WhiteClock "0:01:46"]
[BlackClock "0:00:48"]
[Board "35"]

1. e4 c6 2. d4 d5 3. exd5 cxd5 4. Nf3 Nc6 5. Nbd2 Bg4 6. Bb5 e6 7. c4 Nf6 8. Qa4 Bxf3 9. Nxf3 Nd7 10. Bxc6 bxc6 11. c5 Qc7 12. O-O Be7 13. Re1 O-O 14. g3 Rfe8 15. Bf4 Qb7 16. b3 Bd8 17. Bd6 Bc7 18. Ne5 Nxe5 19. dxe5 a5 20. a3 Reb8 21. Rab1 Ra7 22. b4 axb4 23. Qxb4 Qxb4 24. axb4 Rc8 25. Rec1 f6 26. Bxc7 Raxc7 27. exf6 gxf6 28. b5 cxb5 29. Rxb5 Kf7 30. f4 e5 31. Kf2 Ke6 32. Ke3 Rc6 33. fxe5 fxe5 34. Kd3 Ra6 35. Rc3 d4 36. Rcb3 Rcc6 37. Ke4 Ra1 38. Rb6 Re1+ 39. Kf3 Kd5 40. Rxc6 Kxc6 41. Rb6+ Kxc5 42. Rh6 d3 0-1


[Site "https://www.chess.com"]

[Event "Titled Tuesday Blitz July 25 Late 2023"]
[White "Kushko, Dmitriy"]
[Black "Barria Santos, Jose Guilherme"]
[WhiteFideId "14162261"]
[BlackFideId "1939300"]
[WhiteElo "2820"]
[BlackElo "2592"]
[Result "0-1"]
[Round "5"]
[TimeControl "180+2"]
[Date "2023.07.25"]
[WhiteClock "0:00:00"]
[BlackClock "0:00:16"]
[Board "36"]

1. e4 c5 2. Nf3 e6 3. g3 Nc6 4. Bg2 Nf6 5. Qe2 d5 6. exd5 Nxd5 7. O-O Be7 8. Rd1 Bf6 9. Nc3 O-O 10. Ne4 Be7 11. d4 cxd4 12. Nxd4 Nxd4 13. Rxd4 Qc7 14. c4 Nf6 15. Nc3 e5 16. Nb5 Qb8 17. Bf4 Nd7 18. Rxd7 Bxd7 19. Bxe5 Bg4 20. f3 Bc5+ 21. Kh1 Re8 22. Re1 Qd8 23. fxg4 f6 24. Rd1 Qb6 25. Bd5+ Kh8 26. Qg2 Rxe5 27. h4 Rd8 28. Nc3 Bd4 29. Ne4 Qxb2 30. Rd2 Qc1+ 31. Kh2 Qg1+ 32. Qxg1 Bxg1+ 33. Kxg1 Rxe4 34. Rb2 Re7 35. Kf2 b6 36. Kf3 g6 37. Rb3 Kg7 38. a4 Rd6 39. Rb5 h6 40. a5 f5 41. gxf5 gxf5 42. a6 Kf6 43. Bb7 Rc7 44. Bd5 Rc5 45. Rb3 b5 46. Re3 bxc4 47. Bb7 c3 0-1


[Site "https://www.chess.com"]

[Event "Titled Tuesday Blitz July 25 Late 2023"]
[White "Troff, Kayden"]
[Black "Hajiyev, Kanan"]
[WhiteFideId "2047896"]
[BlackFideId "13404148"]
[WhiteElo "2809"]
[BlackElo "2588"]
[Result "1-0"]
[Round "5"]
[TimeControl "180+2"]
[Date "2023.07.25"]
[WhiteClock "0:00:31"]
[BlackClock "0:00:00"]
[Board "37"]

1. d4 Nf6 2. Nf3 e6 3. Bf4 c5 4. e3 Be7 5. Nbd2 O-O 6. Bd3 b6 7. O-O Bb7 8. c3 d5 9. Ne5 Nbd7 10. Bg3 Nxe5 11. dxe5 Nd7 12. f4 f5 13. exf6 Nxf6 14. Nf3 Bd6 15. Bh4 Qc7 16. Qc2 Ne4 17. Bxe4 dxe4 18. Ng5 Qe7 19. g3 Qc7 20. Nxe6 Qc6 21. Nxf8 Rxf8 22. Rad1 h6 23. Qd2 Bb8 24. Qd7 Qxd7 25. Rxd7 Ba6 26. Rfd1 Bd3 27. Rd8 c4 28. Rxf8+ Kxf8 29. g4 Bd6 30. Kf2 b5 31. a3 a5 32. Bg3 Kf7 33. f5 Bc5 34. Be5 g6 35. Kg3 Bb6 36. fxg6+ Kxg6 37. Bf4 h5 38. gxh5+ Kxh5 39. Kf2 Bd8 40. Rg1 Bh4+ 41. Bg3 Bg5 42. Bf4 Bh4+ 43. Kg2 Be2 44. Kh3 Bf3 45. Rg8 Bf6 46. Rf8 Bg7 47. Rf5+ Kg6 48. Rxb5 a4 49. Kg3 Bf6 50. h4 Kf7 51. h5 Ke6 52. h6 Kf7 53. Rb7+ Kg6 54. Rb6 1-0


[Site "https://www.chess.com"]

[Event "Titled Tuesday Blitz July 25 Late 2023"]
[White "Sivakumar, Shaaketh"]
[Black "Khanin, Semen"]
[WhiteFideId "30940176"]
[BlackFideId "4111990"]
[WhiteElo "2587"]
[BlackElo "2806"]
[Result "0-1"]
[Round "5"]
[TimeControl "180+2"]
[Date "2023.07.25"]
[WhiteClock "0:00:50"]
[BlackClock "0:01:32"]
[Board "38"]

1. e4 c5 2. Nf3 d6 3. d4 cxd4 4. Qxd4 Nc6 5. Bb5 Bd7 6. Qd3 a6 7. Bxc6 Bxc6 8. c4 e6 9. Nc3 Be7 10. Be3 Nf6 11. h3 O-O 12. Nd4 Rc8 13. O-O Qa5 14. a3 Nd7 15. b4 Qh5 16. Nf3 b5 17. Rac1 bxc4 18. Qd4 f5 19. Bd2 fxe4 20. Nxe4 Rxf3 21. gxf3 Ne5 22. Qe3 Nxf3+ 23. Kh1 Qxh3# 0-1


[Site "https://www.chess.com"]

[Event "Titled Tuesday Blitz July 25 Late 2023"]
[White "Trifan, Andrei Ioan"]
[Black "Riehle, Marco"]
[WhiteFideId "12967068"]
[BlackFideId "12904392"]
[WhiteElo "2586"]
[BlackElo "2801"]
[Result "1/2-1/2"]
[Round "5"]
[TimeControl "180+2"]
[Date "2023.07.25"]
[WhiteClock "0:01:06"]
[BlackClock "0:00:39"]
[Board "39"]

1. Nf3 c5 2. e3 d5 3. b3 Nc6 4. Bb2 Bg4 5. Be2 Nf6 6. d4 e6 7. O-O Rc8 8. Nbd2 Be7 9. c4 cxd4 10. Nxd4 Bxe2 11. Qxe2 O-O 12. Rfd1 Nxd4 13. Bxd4 a6 14. h3 h6 15. e4 dxc4 16. Nxc4 Qe8 17. Bxf6 gxf6 18. Nd6 Bxd6 19. Rxd6 Qe7 20. Rad1 Rfd8 21. Qg4+ Kh7 22. e5 fxe5 23. Qe4+ Kg8 24. Qxe5 Rxd6 25. Rxd6 Rd8 26. Rxd8+ Qxd8 27. Kh2 Qd2 28. Qb8+ Kg7 29. Qxb7 Qxa2 30. Qf3 Qa3 31. Qg3+ Kh7 32. Qd3+ Kg7 33. Qg3+ Kh7 34. Qd3+ Kg8 35. Qg3+ Kf8 36. Qb8+ Ke7 37. Qc7+ Kf6 38. Qf4+ Kg6 39. Qg3+ Kh7 1/2-1/2


[Site "https://www.chess.com"]

[Event "Titled Tuesday Blitz July 25 Late 2023"]
[White "Cappelletto, Joshuaede"]
[Black "Bauman_Guy"]
[WhiteFideId "2824383"]
[WhiteElo "2580"]
[BlackElo "2793"]
[Result "0-1"]
[Round "5"]
[TimeControl "180+2"]
[Date "2023.07.25"]
[WhiteClock "0:00:18"]
[BlackClock "0:00:41"]
[Board "40"]

1. c4 Nf6 2. Nc3 e5 3. d3 g6 4. g3 Bg7 5. Bg2 O-O 6. e3 c6 7. Nge2 d5 8. O-O d4 9. Na4 Re8 10. b4 dxe3 11. Bxe3 Bf5 12. d4 Ng4 13. d5 Nxe3 14. fxe3 cxd5 15. Bxd5 Nc6 16. Nc5 Nxb4 17. Nxb7 Qg5 18. Nd6 Nxd5 19. Qxd5 Qxe3+ 20. Rf2 Be6 21. Qc6 Red8 22. Rf1 Rab8 23. Qc7 Qb6 24. Qxb6 axb6 25. Nxf7 Rf8 26. Nd6 Rbd8 27. Rxf8+ Bxf8 28. Ne4 Bxc4 29. Rf2 Rd1+ 30. Kg2 Kg7 31. N2c3 Rd4 32. Rb2 b5 33. a4 b4 34. a5 bxc3 35. Nxc3 e4 36. Rb7+ Kh6 37. Rb6 Bc5 38. Rc6 Bb4 39. Na4 Bxa5 0-1


[Site "https://www.chess.com"]

[Event "Titled Tuesday Blitz July 25 Late 2023"]
[White "Oro, Faustino"]
[Black "Attacker_2006"]
[WhiteFideId "20000197"]
[WhiteElo "2788"]
[BlackElo "2573"]
[Result "1-0"]
[Round "5"]
[TimeControl "180+2"]
[Date "2023.07.25"]
[WhiteClock "0:00:19"]
[BlackClock "0:00:00"]
[Board "41"]

1. e4 c5 2. Nf3 d6 3. d4 cxd4 4. Nxd4 Nf6 5. Nc3 a6 6. Be2 e5 7. Nb3 Be7 8. Be3 Be6 9. Qd3 Nbd7 10. O-O O-O 11. Nd5 Bxd5 12. exd5 b6 13. c4 Nc5 14. Qc2 Rc8 15. Nd2 b5 16. b4 Ncd7 17. Qb3 bxc4 18. Bxc4 Ng4 19. Bxa6 Nxe3 20. Qxe3 Rc2 21. Bd3 Bg5 22. Qh3 g6 23. Bxc2 Bxd2 24. a3 f5 25. Qd3 Bf4 26. a4 e4 27. Qh3 Qb6 28. Rab1 Rc8 29. a5 Qd4 30. Ba4 Ne5 31. Bc6 Nd3 32. b5 e3 33. fxe3 Bxe3+ 34. Kh1 Nf2+ 35. Rxf2 Bxf2 36. b6 Qe4 37. Rf1 Bc5 38. Qb3 Rb8 39. b7 h5 40. a6 Qe2 41. Ra1 Bd4 42. Qd1 Qe5 43. a7 Bxa7 44. Rxa7 h4 45. h3 Kg7 46. Ra8 1-0


[Site "https://www.chess.com"]

[Event "Titled Tuesday Blitz July 25 Late 2023"]
[White "Basso, Pier Luigi"]
[Black "Mordechai, Hanan"]
[WhiteFideId "866970"]
[BlackFideId "2804166"]
[WhiteElo "2786"]
[BlackElo "2561"]
[Result "1-0"]
[Round "5"]
[TimeControl "180+2"]
[Date "2023.07.25"]
[WhiteClock "0:00:12"]
[BlackClock "0:00:01"]
[Board "42"]

1. e4 c5 2. Nf3 e6 3. d4 cxd4 4. Nxd4 a6 5. c4 Nc6 6. Nc3 Bb4 7. Nxc6 bxc6 8. Qd3 e5 9. Be2 Nf6 10. O-O O-O 11. Bd2 Be7 12. b3 Qc7 13. Rac1 d6 14. Rfd1 Be6 15. Bg5 Rfd8 16. Bxf6 Bxf6 17. Nd5 Qa7 18. Nxf6+ gxf6 19. c5 d5 20. exd5 cxd5 21. c6 Qc7 22. Qg3+ Kh8 23. Qh4 Qe7 24. Rc3 Rg8 25. Rg3 Rxg3 26. hxg3 Rc8 27. Rc1 a5 28. a3 Kg7 29. b4 axb4 30. axb4 d4 31. b5 Qb4 32. Bd3 h6 33. Qe4 Qd2 34. Rb1 Ba2 35. Rf1 Kf8 36. b6 Qc3 37. b7 Rb8 38. f4 Qc5 39. fxe5 fxe5 40. Qh7 Ke7 41. Qxh6 Be6 42. Rc1 Qa3 43. c7 Qxd3 44. cxb8=Q 1-0


[Site "https://www.chess.com"]

[Event "Titled Tuesday Blitz July 25 Late 2023"]
[White "Pulpan, Jakub"]
[Black "NigelDwarf"]
[WhiteFideId "302759"]
[WhiteElo "2780"]
[BlackElo "2545"]
[Result "1-0"]
[Round "5"]
[TimeControl "180+2"]
[Date "2023.07.25"]
[WhiteClock "0:02:34"]
[BlackClock "0:01:43"]
[Board "43"]

1. Nf3 Nf6 2. b3 g6 3. Bb2 Bg7 4. g3 O-O 5. Bg2 d6 6. d4 c5 7. c4 cxd4 8. Nxd4 Qc7 9. O-O Nc6 10. Nc3 Nxd4 11. Qxd4 Be6 12. Rac1 Qd7 13. Rfd1 Rfd8 14. Nd5 Bxd5 15. Bxd5 a6 16. Bf3 Rac8 17. a4 b5 18. cxb5 axb5 19. a5 e5 20. Qd3 Qe6 21. Rxc8 Rxc8 22. Bb7 Qh3 23. Bxc8 Qxc8 24. Qxd6 1-0


[Site "https://www.chess.com"]

[Event "Titled Tuesday Blitz July 25 Late 2023"]
[White "Nenezic, Marko"]
[Black "Kochiev, Ivan"]
[WhiteFideId "912123"]
[BlackFideId "2917890"]
[WhiteElo "2773"]
[BlackElo "2532"]
[Result "1-0"]
[Round "5"]
[TimeControl "180+2"]
[Date "2023.07.25"]
[WhiteClock "0:01:50"]
[BlackClock "0:01:29"]
[Board "44"]

1. d4 Nf6 2. c4 e6 3. Nc3 c5 4. d5 exd5 5. cxd5 d6 6. e4 g6 7. f4 Bg7 8. Bb5+ Nfd7 9. Nf3 O-O 10. O-O Na6 11. Kh1 Rb8 12. f5 Nc7 13. Bxd7 Bxd7 14. Bg5 Qe8 15. f6 Bh8 16. Qe1 Nb5 17. Qh4 h5 18. Rae1 Qd8 19. e5 dxe5 20. Nxe5 Nd4 21. Nxg6 fxg6 22. f7+ Kh7 23. Bxd8 Rbxd8 24. Qxd8 1-0


[Site "https://www.chess.com"]

[Event "Titled Tuesday Blitz July 25 Late 2023"]
[White "Deng, Henry"]
[Black "Morefield, Jason"]
[WhiteFideId "30965454"]
[BlackFideId "30920825"]
[WhiteElo "2531"]
[BlackElo "2767"]
[Result "1-0"]
[Round "5"]
[TimeControl "180+2"]
[Date "2023.07.25"]
[WhiteClock "0:00:34"]
[BlackClock "0:00:22"]
[Board "45"]

1. Nf3 d5 2. e3 g6 3. b3 Bg7 4. d4 Nf6 5. Bb2 O-O 6. h3 a5 7. a3 Bf5 8. Bd3 Bxd3 9. Qxd3 c6 10. O-O Ne4 11. Nbd2 f5 12. Ne5 Nd7 13. f3 Nxe5 14. dxe5 Nc5 15. Qe2 Qc7 16. f4 e6 17. Rad1 Rfd8 18. Bd4 Nd7 19. c4 Bf8 20. Bb2 Qb6 21. Kh2 Be7 22. Bd4 Qa6 23. a4 Bb4 24. g4 Kh8 25. gxf5 gxf5 26. Qh5 c5 27. Nf3 Rg8 28. Bb2 Nf8 29. Ng5 dxc4 30. Nxh7 Nxh7 31. Rd7 Rg2+ 32. Kh1 Rg7 33. Rxg7 Kxg7 34. Rg1+ Kh8 35. Qf7 Qc6+ 36. Kh2 1-0


[Site "https://www.chess.com"]

[Event "Titled Tuesday Blitz July 25 Late 2023"]
[White "Elsa167"]
[Black "Molenda, Marcin"]
[BlackFideId "1173065"]
[WhiteElo "2767"]
[BlackElo "2530"]
[Result "1-0"]
[Round "5"]
[TimeControl "180+2"]
[Date "2023.07.25"]
[WhiteClock "0:00:26"]
[BlackClock "0:00:42"]
[Board "46"]

1. d4 Nf6 2. c4 g6 3. Nc3 Bg7 4. e4 d6 5. h3 O-O 6. Be3 Nbd7 7. Qd2 c5 8. d5 a6 9. Nf3 b5 10. cxb5 axb5 11. Bxb5 Ba6 12. Bxa6 Rxa6 13. O-O Qa8 14. Qc2 Rb8 15. Nd2 Nb6 16. b3 Nfd7 17. a4 Nc8 18. Rab1 Rb4 19. Nb5 Qb7 20. Nc4 Na7 21. Nxa7 Qxa7 22. Bd2 Rb8 23. Bc3 Bxc3 24. Qxc3 Rb4 25. e5 Nxe5 26. Nxe5 dxe5 27. Qxe5 Rab6 28. Rbc1 Rb7 29. d6 exd6 30. Qxd6 Rxb3 31. Rxc5 Rb8 32. a5 Ra3 33. Re5 Ra2 34. Re7 Rb7 35. Re8+ Kg7 36. Qf8+ Kf6 37. Qh8+ Kg5 38. Re5+ Kh6 39. Qf8# 1-0


[Site "https://www.chess.com"]

[Event "Titled Tuesday Blitz July 25 Late 2023"]
[White "Tristan, Leonardo"]
[Black "Rizzo, Tobias"]
[WhiteFideId "113816"]
[BlackFideId "30942691"]
[WhiteElo "2757"]
[BlackElo "2530"]
[Result "1-0"]
[Round "5"]
[TimeControl "180+2"]
[Date "2023.07.25"]
[WhiteClock "0:00:06"]
[BlackClock "0:00:02"]
[Board "47"]

1. d4 Nf6 2. Nf3 g6 3. Bf4 Bg7 4. e3 O-O 5. Be2 c5 6. c3 d5 7. O-O Nc6 8. h3 Qb6 9. Qb3 c4 10. Qa3 Bf5 11. b3 cxb3 12. axb3 a6 13. Nbd2 Rac8 14. Rfc1 Rfd8 15. Ne1 Ne4 16. Nxe4 dxe4 17. Bg5 f6 18. Bc4+ Kh8 19. Bh4 e5 20. g4 Bd7 21. Bg3 f5 22. Bd5 exd4 23. exd4 Be8 24. Be6 Bd7 25. Bxd7 Rxd7 26. Ng2 Ne7 27. Be5 fxg4 28. Bxg7+ Kxg7 29. hxg4 Qe6 30. Ne3 Nd5 31. Qb2 Nxe3 32. fxe3 Qxg4+ 33. Qg2 Qxg2+ 34. Kxg2 h5 35. c4 g5 36. d5 Kg6 37. Rd1 Rd6 38. Rd4 Kf5 39. Rf1+ Ke5 40. Rf7 b5 41. Re7+ Kf6 42. Rexe4 bxc4 43. bxc4 Rc5 44. Kf3 a5 45. Rd3 a4 46. Red4 Ke5 47. Re4+ Kf5 48. Red4 Ke5 49. Ra3 Ra5 50. Re4+ Kf5 51. Re8 Rd7 52. e4+ Kg6 53. e5 Rc7 54. d6 Rxc4 55. d7 Rd4 56. d8=Q Rxd8 57. Rxd8 Rxe5 58. Rxa4 Re6 59. Rda8 Rf6+ 60. Kg3 h4+ 61. Kg2 Kh5 62. Rh8+ Kg6 63. Ra5 Rc6 64. Rg8+ Kh6 65. Rgxg5 Rc2+ 66. Kh3 Rc4 67. Rh5+ Kg6 68. Rxh4 Rc2 69. Rg4+ Kh6 70. Rg2 Rc6 71. Kh2 Kh7 72. Rga2 Rh6+ 73. Kg3 Rg6+ 74. Kh4 Rg7 75. Rh5+ Kg8 76. Rg5 Kh7 77. Rxg7+ Kh6 78. Rg4 1-0


[Site "https://www.chess.com"]

[Event "Titled Tuesday Blitz July 25 Late 2023"]
[White "Tanenbaum, Zachary"]
[Black "Gasparyan, David"]
[WhiteFideId "2060850"]
[BlackFideId "13311980"]
[WhiteElo "2744"]
[BlackElo "2524"]
[Result "1-0"]
[Round "5"]
[TimeControl "180+2"]
[Date "2023.07.25"]
[WhiteClock "0:00:13"]
[BlackClock "0:00:00"]
[Board "48"]

1. e4 c5 2. Nf3 e6 3. d4 cxd4 4. Nxd4 Nc6 5. Nc3 Qc7 6. g3 h5 7. Ndb5 Qb8 8. Bf4 e5 9. Bg5 a6 10. Na3 Be7 11. Bxe7 Ngxe7 12. Nc4 O-O 13. Nb6 Ra7 14. Qxh5 Qd6 15. Rd1 Qb4 16. Nc4 b5 17. a3 Qc5 18. Ne3 Nd4 19. Bd3 Rb7 20. Ncd5 Nxd5 21. Nxd5 f5 22. b4 Qd6 23. c3 fxe4 24. Bxe4 g6 25. Bxg6 Nc2+ 26. Bxc2 Rf7 27. Qg5+ Kf8 28. Qd8+ Kg7 29. Qxc8 Rb8 30. Qc7 Qh6 31. Qxb8 d6 32. Ne3 Qf6 33. O-O Qg5 34. Nf5+ Rxf5 35. Bxf5 Qxf5 36. Rxd6 Qh3 37. Qc7+ 1-0


[Site "https://www.chess.com"]

[Event "Titled Tuesday Blitz July 25 Late 2023"]
[White "Remizov, Yaroslav"]
[Black "Womacka, Mathias"]
[WhiteFideId "34134015"]
[BlackFideId "4611390"]
[WhiteElo "2742"]
[BlackElo "2521"]
[Result "1-0"]
[Round "5"]
[TimeControl "180+2"]
[Date "2023.07.25"]
[WhiteClock "0:00:11"]
[BlackClock "0:00:45"]
[Board "49"]

1. Nf3 c5 2. c4 Nf6 3. g3 b6 4. Bg2 Bb7 5. O-O e6 6. b3 Be7 7. Bb2 O-O 8. e3 d5 9. Nc3 Nbd7 10. Qe2 a6 11. Rad1 Qc7 12. h3 Rab8 13. g4 dxc4 14. bxc4 Bc6 15. d4 cxd4 16. exd4 Rfe8 17. Qd3 Ba8 18. Rfe1 Rbc8 19. d5 Qxc4 20. dxe6 fxe6 21. Qxc4 Rxc4 22. Rxe6 Nc5 23. Re2 Rf4 24. Nd4 Bxg2 25. Kxg2 Bf8 26. Rxe8 Nxe8 27. Nf5 g6 28. Nd5 Ra4 29. Nfe3 Rxa2 30. Bd4 Kf7 31. Nc4 b5 32. Ne5+ Ke6 33. Nf4+ Ke7 34. Bxc5+ Kf6 35. Nd7+ Kf7 36. Nxf8 Nf6 37. Nd7 Ne4 38. Ne5+ Ke8 39. Be3 b4 40. Rd4 b3 41. Rxe4 b2 42. Ned3+ Kd7 43. Nxb2 Rxb2 44. Ra4 1-0


[Site "https://www.chess.com"]

[Event "Titled Tuesday Blitz July 25 Late 2023"]
[White "Koellner, Ruben Gideon"]
[Black "Gulamali, Kazim"]
[WhiteFideId "12993093"]
[BlackFideId "2024764"]
[WhiteElo "2716"]
[BlackElo "2510"]
[Result "1/2-1/2"]
[Round "5"]
[TimeControl "180+2"]
[Date "2023.07.25"]
[WhiteClock "0:00:35"]
[BlackClock "0:00:22"]
[Board "50"]

1. d4 Nf6 2. Nf3 b5 3. Nbd2 Bb7 4. e3 a6 5. a4 b4 6. Bd3 e6 7. O-O d5 8. Ne5 Nbd7 9. f4 c5 10. c3 Bd6 11. Qf3 O-O 12. g4 c4 13. Bc2 b3 14. Bb1 Rb8 15. g5 Bxe5 16. dxe5 Ne8 17. Bxh7+ Kxh7 18. Qh5+ Kg8 19. Rf3 g6 20. Qh6 Ng7 21. Rh3 Nh5 22. Nf1 Nxe5 23. fxe5 d4 24. Ng3 dxc3 25. Nxh5 Qd1+ 26. Kf2 gxh5 27. Rxh5 Qf3+ 28. Ke1 Qh1+ 29. Kf2 Qg2+ 30. Ke1 Qg1+ 31. Ke2 Qg4+ 32. Ke1 Qg1+ 33. Ke2 Qg2+ 34. Ke1 Qg1+ 1/2-1/2


[Site "https://www.chess.com"]

[Event "Titled Tuesday Blitz July 25 Late 2023"]
[White "Adewumi, Tanitoluwa"]
[Black "Michalczak, Thomas"]
[WhiteFideId "30966396"]
[BlackFideId "4622634"]
[WhiteElo "2695"]
[BlackElo "2498"]
[Result "1-0"]
[Round "5"]
[TimeControl "180+2"]
[Date "2023.07.25"]
[WhiteClock "0:00:16"]
[BlackClock "0:00:30"]
[Board "51"]

1. d4 Nf6 2. g3 d5 3. Bg2 e6 4. Nf3 c5 5. O-O Nc6 6. c4 cxd4 7. Nxd4 Bd7 8. cxd5 exd5 9. Nc3 Nxd4 10. Qxd4 Bc6 11. Bg5 Be7 12. Rad1 O-O 13. Qf4 h6 14. Bxf6 Bxf6 15. Bxd5 Bxd5 16. Nxd5 Bxb2 17. e4 Qg5 18. Qxg5 hxg5 19. Rb1 Bd4 20. Rxb7 Rfe8 21. Ne7+ Kf8 22. Nf5 Bb6 23. a4 Rad8 24. a5 Bxa5 25. Rxa7 Bb6 26. Rb7 Bc5 27. Rc1 Rc8 28. Kg2 g6 29. Nh6 Re7 30. Rxe7 Kxe7 31. Ng4 f5 32. Ne5 Rc7 33. f3 fxe4 34. fxe4 Kf6 35. Rxc5 Ra7 36. Ng4+ Ke6 37. Rxg5 Ra2+ 38. Kh3 Kf7 39. Ne5+ Kf6 40. Nf3 Rf2 41. Rg4 Rxf3 42. Rf4+ Rxf4 43. gxf4 g5 44. Kg4 gxf4 45. Kxf4 Ke6 46. h4 Kf6 47. h5 Kg7 48. Ke5 Kh6 49. Kd6 Kxh5 50. e5 Kg6 51. e6 Kg7 52. e7 Kf7 53. Kd7 Kf6 54. e8=Q Kf5 55. Qe3 1-0


[Site "https://www.chess.com"]

[Event "Titled Tuesday Blitz July 25 Late 2023"]
[White "Olsson, William"]
[Black "Jaracz, Pawel"]
[WhiteFideId "1741721"]
[BlackFideId "1102222"]
[WhiteElo "2452"]
[BlackElo "2694"]
[Result "0-1"]
[Round "5"]
[TimeControl "180+2"]
[Date "2023.07.25"]
[WhiteClock "0:00:09"]
[BlackClock "0:01:55"]
[Board "52"]

1. c4 Nf6 2. g3 e6 3. Nf3 d5 4. Bg2 dxc4 5. Qa4+ c6 6. Qxc4 b5 7. Qc2 Bb7 8. O-O Nbd7 9. d4 Rc8 10. Ne5 Nxe5 11. dxe5 Nd5 12. a4 Be7 13. Nd2 a6 14. Qb3 Qc7 15. Nf3 O-O 16. e4 Nb4 17. Bd2 c5 18. Bxb4 cxb4 19. axb5 axb5 20. Qd3 Qc4 21. Ne1 Rfd8 22. Qf3 Qd4 23. b3 Qxa1 0-1


[Site "https://www.chess.com"]